 Dungeon Crawl Stone Soup version 0.31-a0-1010-g5322dac6a2 (webtiles) character file.

Game seed: 5852593725707032891

2300 sking99 the Grappler (level 9, -1/85 HPs)
             Began as a Troll Shapeshifter on Nov 16, 2023.
             Was a Priest of Okawaru.
             Succumbed to a hornet's poison
             ... on level 6 of the Dungeon.
             The game lasted 00:13:36 (6909 turns).

sking99 the Grappler (Troll Shapeshifter)           Turns: 6909, Time: 00:13:37

Health: -1/85      AC:  8    Str: 34    XL:     9   Next: 17%
Magic:  9/9        EV:  8    Int:  6    God:    Okawaru [***...]
Gold:   435        SH:  7    Dex:  9    Spells: 8/8 levels left

rFire   . .          .
                       - Unarmed
rCold   . . .        v - +0 kite shield
rNeg    . . .        a - +0 animal skin
rPois   .            (helmet currently unavailable)
rElec   .            (cloak currently unavailable)
rCorr   .            (gloves unavailable)
SInv    .            (boots unavailable)
Will    .....        (no amulet)
Stlth   +            o - +6 ring of strength
HPRegen 1.14/turn    q - +4 ring of protection
MPRegen 0.11/turn

%: no passive effects
@: lethally poisoned (-1 -> -4), beast-form, slowed, very slow
A: beast (slay +3), large, unfitting armour, claws 3, regeneration 1, shaggy fur
1, tough skin 1
a: Begin Untransformation, Renounce Religion, Heroism


You were on level 6 of the Dungeon.
You worshipped Okawaru.
Okawaru was most pleased with you.
You were a hulking beast.
You visited 2 branches of the dungeon, and saw 8 of its levels.
You also visited: Ossuary.

You collected 435 gold pieces.

Inventory:

Armour
 a - a +0 animal skin (worn)
 v - a +0 kite shield (worn)
Jewellery
 f - an amulet of magic regeneration
 i - a ring of protection from fire
 o - a +6 ring of strength (left claw)
 q - a +4 ring of protection (right claw)
 w - a ring of positive energy
Talismans
 c - a beast talisman (active)
 d - a flux talisman
Wands
 p - a wand of iceblast (9)
 C - a wand of paralysis (7)
Scrolls
 g - a scroll of revelation
 h - a scroll of torment {unknown}
 k - a scroll of fog
 s - 2 scrolls of identify {unknown}
 t - a scroll of enchant armour {unknown}
 x - 2 scrolls of vulnerability {unknown}
 y - 2 scrolls of poison {unknown}
 z - a scroll of brand weapon {unknown}
 B - a scroll of acquirement {unknown}
Potions
 b - 3 potions of lignification
 e - 2 potions of enlightenment {unknown}
 j - a potion of berserk rage {unknown}
 l - 3 potions of curing {unknown}
 m - a potion of invisibility {unknown}
 n - 4 potions of heal wounds {unknown}
 r - a potion of cancellation {unknown}
 u - a potion of resistance {unknown}
 A - 2 potions of haste {unknown}
 E - a potion of might {unknown}


   Skills:
 + Level 4.6 Fighting
 - Level 1.5 Dodging
 - Level 3.0 Shields
 * Level 8.7 Unarmed Combat
 - Level 2.2 Invocations
 + Level 6.0 Shapeshifting


You had 8 spell levels left.
You didn't know any spells.
Your spell library contained the following spells:

 Spells                   Type           Power      Damage    Failure   Level
 Apportation              Tloc           0%         N/A       65%         1
 Magic Dart               Conj           0%         1d3       65%         1
 Jinxbite                 Hex            0%         N/A       80%         2
 Mephitic Cloud           Conj/Pois/Air  0%         N/A       95%         3
 Alistair's Intoxication  Tmut/Pois      0%         N/A       100%        5
 Call Imp                 Summ           Unusable   N/A       N/A         2

Dungeon Overview and Level Annotations

Branches:
Dungeon (7/15)             Temple (1/1) D:4         Ossuary (visited)

Altars:
Ashenzari
Cheibriados
Elyvilon
Fedhas
Hepliaklqana
Kikubaaqudgha
Makhleb
Nemelex Xobeh
Okawaru
Qazlal
Ru
Sif Muna
Trog
Uskayaw
Vehumet
Wu Jian
Xom
Yredelemnul
Zin
The Shining One

Shops:
D:5 *   D:7 **

Annotations:
D:5 3 runed translucent doors, rocker's ghost, novice DsFi
D:7 Dowan


Innate Abilities, Weirdness & Mutations

You are a hulking beast.
Your limbs bulge with bestial killing power. (Slay +3)
You are too large for most types of armour.
You have claws for hands.
Your natural rate of healing is unusually fast.
You are covered in fur. (AC +1)
You have tough skin. (AC +1)


Message History

You feel yourself slow down.
You feel very sick. The hornet stings you.
You feel as though you will be slow longer.
You feel sick.
The gnoll throws a throwing net.
You block the throwing net. You block the hornet's attack.
The gnoll throws a throwing net.
The throwing net barely misses you. The gnoll closely misses you.
You see here a throwing net.
You feel sick.
The hornet stings you but does no damage.
You feel yourself speed up.
You feel sick. The hornet attacks as it pursues you! The hornet stings you.
You are more poisoned.
You suddenly lose the ability to move!
The hornet stings you!
You are more poisoned.
You feel yourself slow down. The gnoll hits you but does no damage.
The hornet stings you.
You are more poisoned.
You feel as though you will be slow longer.
You feel very sick. The hornet stings you!
You feel as though you will be slow longer.
The gnoll hits you from afar with a +0 halberd.
You can move again.
There is a stone staircase leading up here.
You feel extremely sick.
The gnoll shouts!
You hear a shout! x3
The hornet stings you but does no damage.
The hornet stings you!
* * * LOW HITPOINT WARNING * * *
You feel as though you will be slow longer.
The gnoll completely misses you.
The gnoll sergeant hits you from afar with a +0 spear.
* * * LOW HITPOINT WARNING * * *
You climb upwards.
* * * LOW HITPOINT WARNING * * *
You feel extremely sick.
There is a stone staircase leading down here.
You barely miss the hornet.
You die...

### ##.## ##...##
##....|## ##.......##
#....y....####### ##
#....h......<...#####.
#.#......###[)........
#.##...#.###[[...####.
##.###...........## ##
##...###########.## #
##.###.## ######..# #
#.#####.###.......## #
#.###.......#.#.#..# #
#.#.......#........######


You could see a hornet.

Vanquished Creatures
  2 wraiths (Ossuary)
  A water moccasin (D:6)
  Duvessa (D:7)
  An orc warrior (D:7)
  A black bear (D:6)
  An ogre (D:5)
  A bullfrog (D:7)
  A kobold brigand (D:7)
  2 scorpions (D:6)
  4 wights (Ossuary)
  A howler monkey (D:7)
  A centaur zombie (Ossuary)
  2 jellies
  2 orc priests
  2 gnoll boudas
  5 hounds
  An iguana (D:4)
  A sleepcap (D:6)
  Natasha (thrice) (D:4)
  7 orc wizards
  13 adders
  13 gnolls
  2 ufetubi (D:7)
  2 adder zombies (Ossuary)
  2 worms (D:3)
  A dart slug (D:1)
  21 orcs
  5 endoplasms
  10 goblins
  7 hobgoblins
  7 jackals
  10 kobolds
  3 quokkas
  10 ball pythons
  A bat (D:1)
  6 frilled lizards
  3 hobgoblin skeletons (Ossuary)
  A hobgoblin zombie (Ossuary)
  A kobold zombie (Ossuary)
  9 rats
167 creatures vanquished.

Notes
Turn   | Place    | Note
-------+----------+-------------------------------------------
     0 | D:1      | sking99 the Troll Shapeshifter began the quest for the Orb.
     0 | D:1      | Reached XP level 1. HP: 18/18 MP: 0/0
   102 | D:1      | Reached skill level 1 in Fighting
   137 | D:1      | Reached XP level 2. HP: 27/27 MP: 1/1
   524 | D:1      | Reached XP level 3. HP: 33/33 MP: 2/2
  1163 | D:2      | Reached skill level 4 in Unarmed Combat
  1193 | D:2      | Reached XP level 4. HP: 41/41 MP: 3/3
  2410 | D:3      | Found a stormy altar of Qazlal.
  2994 | D:4      | Found a staircase to the Ecumenical Temple.
  3004 | Temple   | Entered the Ecumenical Temple
  3009 | Temple   | Became a worshipper of Warmaster Okawaru
  3196 | D:4      | Reached XP level 5. HP: 45/49 MP: 4/4
  3373 | D:4      | Reached skill level 5 in Unarmed Combat
  3666 | D:4      | Noticed Natasha
  3669 | D:4      | Killed Natasha
  3992 | D:4      | Noticed Natasha
  3995 | D:4      | Killed Natasha
  3996 | D:4      | Reached XP level 6. HP: 59/59 MP: 5/5
  4025 | D:4      | Found a staircase to the Ecumenical Temple.
  4054 | D:4      | Noticed Natasha
  4057 | D:4      | Killed Natasha
  4316 | D:5      | Entered Level 5 of the Dungeon
  4400 | D:4      | Reached * piety under Okawaru
  4645 | D:5      | Reached skill level 6 in Unarmed Combat
  4645 | D:5      | Reached XP level 7. HP: 66/66 MP: 6/6
  4689 | D:5      | Found a runed translucent gate.
  4689 | D:5      | Found a runed translucent gate.
  4689 | D:5      | Found a runed translucent gate.
  4800 | D:5      | Reached skill level 1 in Invocations
  4850 | D:5      | Noticed rocker's ghost (novice DsFi)
  4921 | D:5      | Found Tidog's Gadget Gallery.
  5228 | D:6      | Reached ** piety under Okawaru
  5359 | D:6      | Reached skill level 1 in Shields
  5528 | D:6      | Reached XP level 8. HP: 67/75 MP: 8/8
  5577 | D:6      | Reached skill level 7 in Unarmed Combat
  5577 | D:6      | Reached skill level 5 in Shapeshifting
  6169 | D:7      | Found a sand-covered staircase.
  6181 | Ossuary  | Entered an ossuary
  6320 | Ossuary  | Noticed a flying skull
  6333 | Ossuary  | Noticed a flying skull
  6353 | Ossuary  | Noticed a flying skull
  6354 | Ossuary  | Noticed a flying skull
  6445 | Ossuary  | Reached *** piety under Okawaru
  6465 | Ossuary  | Reached skill level 8 in Unarmed Combat
  6750 | D:7      | Reached XP level 9. HP: 28/85 MP: 9/9
  6759 | D:7      | Noticed Dowan
  6760 | D:7      | Noticed Duvessa
  6769 | D:7      | Killed Duvessa
  6880 | D:7      | Found Qaeseriw's General Store.
  6884 | D:7      | Found Huhael's Specific Store.
  6905 | D:7      | Paralysed by a hornet for 2 turns
  6908 | D:6      | HP: 1/85 [poisoned by a hornet]
  6909 | D:6      | Succumbed to a hornet's poison

Illustrated notes

Levels and vault maps discovered:
D:1:      zaba_arrival_water, layout_loops_corners
D:2:      layout_loops_corners
D:3:      layout_basic, mainiacjoe_overflow_chevrons, serial_forest,
          infiniplex_forest_clump_medium, infiniplex_forest_lined_3,
          infiniplex_forest_straight_2, infiniplex_forest_lined_room_2,
          infiniplex_forest_end_2, solitary_fountain
D:4:      layout_basic, minmay_temple_entry_steel_oval, uniq_natasha
D:5:      layout_gridville, gammafunk_ghost_split, nicolae_shop_gadgets
D:6:      layout_loops_corners, serial_glass, glass_columns_a, glass_columns_a,
          glass_columns_a, glass_columns_b, glass_columns_b, glass_columns_b,
          glass_columns_b, glass_columns_a, glass_columns_b, glass_columns_c,
          glass_columns_b, glass_columns_a, glass_columns_a, glass_columns_c,
          eino_small_chamber_without_monster, minmay_misc_feat_nine_boxes
D:7:      cheibrodos_barr_body, layout_cave_pools, chequers_ossuary_entry_cave,
          dk_noncrumbling_2, nicolae_specific_store, uniq_duvessa
Temple:   compressed_dpeg_triangle_lava_temple

Skill      XL: |  1  2  3  4  5  6  7  8  9 |
---------------+----------------------------+-----
Fighting       | 1 2 3 4 |  4.6
Unarmed Combat | 4 5 6 8 |  8.7
Shapeshifting  | 4 5 6 |  6.0
Invocations    | 2 |  2.2
Shields        | 1 3 |  3.0
Dodging        | |  1.5

Action                     |  1- 3 |  4- 6 |  7- 9 || total
---------------------------+-------+-------+-------++-------
  Melee: Unarmed           |    86 |   151 |   191 ||   428
         Punch             |     3 |     3 |     1 ||     7
    Use: Scroll            |       |     5 |     3 ||     8
   Stab: Sleeping          |     2 |       |       ||     2
 Armour: Animal skin       |    40 |    97 |   192 ||   329
  Dodge: Dodged            |    28 |    61 |    98 ||   187
  Block: Kite shield       |       |       |    91 ||    91
   Form: Beast             |     1 |       |     1 ||     2
         Flux              |       |       |     1 ||     1

Table legend: (Time is in decaauts)
 A = Elapsed time spent in this place.
 B = Non-inter-level travel time spent in this place.
 C = Inter-level travel time spent in this place.
 D = Time resting spent in this place.
 E = Time spent auto-exploring this place.
 F = Levels seen in this place.
 G = Mean time per level.
                   A        B        C        D        E       F      G
               +--------+--------+--------+--------+--------+-----+--------+
         Total |   6918 |   6626 |    292 |    430 |   4942 |   9 |  768.7 |
       Dungeon |   6427 |   6135 |    292 |    281 |   4841 |   7 |  918.1 |
        Temple |     11 |     11 |      0 |      0 |      0 |   1 |   11.0 |
       Ossuary |    479 |    479 |      0 |    149 |    101 |   1 |  479.0 |
               +--------+--------+--------+--------+--------+-----+--------+

Top non-repeatable levels by time:
     D:4: 1472 daAuts
     D:3: 1088 daAuts
     D:2: 1000 daAuts
     D:6: 877 daAuts
     D:1: 832 daAuts
     D:5: 815 daAuts
 Ossuary: 479 daAuts
     D:7: 340 daAuts
  Temple: 11 daAuts
